 Dungeon Crawl Stone Soup version 0.30.1-3-gfc49f6343a (webtiles) character file.

Game seed: 17688570629184977420

2221 H0rd4k the Cutter (level 9, -2/68 HPs)
             Began as a Human Artificer on July 25, 2023.
             Slain by Duvessa
             ... wielding a +1 vampiric rapier
              (12 damage)
             ... on level 5 of the Dungeon.
             The game lasted 00:11:12 (6834 turns).

H0rd4k the Cutter (Human Artificer)                 Turns: 6834, Time: 00:11:13

Health: -2/68      AC:  8    Str: 13      XL:     9   Next: 61%
Magic:  9/9        EV: 13    Int: 14 (16) God:
Gold:   302        SH:  0    Dex: 11 (13) Spells: 8/8 levels left

rFire   + . .        f - +3 dagger (speed)
rCold   . . .        (no shield)
rNeg    . . .        b - +0 leather armour
rPois   .            (no helmet)
rElec   .            (no cloak)
rCorr   +            (no gloves)
SInv    +            n - +0 pair of boots of Blue Lucidity {rF+ SInv Stlth-}
Will    .....        (no amulet)
Stlth   +            a - +4 ring of protection
HPRegen 0.31/turn    g - ring of resist corrosion
MPRegen 0.11/turn

%: no passive effects
@: about to teleport
A: no striking features
a: no special abilities


You were on level 5 of the Dungeon.
You visited 1 branch of the dungeon, and saw 6 of its levels.
You also visited: Sewer.

You collected 302 gold pieces.

Inventory:

Hand Weapons
 f - a +3 dagger of speed (weapon)
 B - a +0 short sword of holy wrath
Missiles
 e - a curare-tipped dart
 C - 17 poisoned darts (quivered)
Armour
 b - a +0 leather armour (worn)
 n - the +0 pair of boots of Blue Lucidity (worn) {rF+ SInv Stlth-}
   (You found it on level 2 of the Dungeon)

   rF:        It protects you from fire.
   SInv:      It lets you see invisible.
   Stlth:     It makes you less stealthy.
Magical Staves
 s - a staff of conjuration
Jewellery
 a - a +4 ring of protection (left hand)
 g - a ring of resist corrosion (right hand)
 m - a +4 ring of protection
 y - a ring of ice
Scrolls
 i - a scroll of enchant armour {unknown}
 l - 2 scrolls of vulnerability
 u - a scroll of poison {unknown}
 v - 3 scrolls of identify {unknown}
Potions
 c - a potion of flight {unknown}
 d - a potion of curing
 k - a potion of attraction
 t - a potion of haste {unknown}
 w - a potion of lignification {unknown}
 x - 5 potions of degeneration
 z - a potion of brilliance {unknown}
 A - a potion of mutation {unknown}
 D - a potion of cancellation
 E - a potion of resistance {unknown}
 F - a potion of experience {unknown}


   Skills:
 + Level 5.6 Fighting
 + Level 7.4 Short Blades
 + Level 1.6 Maces & Flails
 + Level 1.2 Throwing
 - Level 2.0 Armour
 + Level 5.8 Dodging
 + Level 2.5 Stealth
 + Level 4.6 Evocations


You had 8 spell levels left.
You didn't know any spells.
Your spell library contained the following spells:

 Spells                   Type           Power      Damage    Failure   Level
 Apportation              Tloc           0%         N/A       36%         1
 Necrotise                Necr           0%         1d4       36%         1
 Shock                    Conj/Air       0%         1d3       36%         1
 Summon Small Mammal      Summ           0%         N/A       36%         1
 Swiftness                Air            0%         N/A       73%         3
 Airstrike                Air            0%         2d(0-16)  98%         4


Dungeon Overview and Level Annotations

Branches:
Dungeon (6/15)              Sewer (visited)
 Temple: D:4-7

Altars:
Cheibriados
Fedhas
Nemelex Xobeh
Qazlal
Uskayaw
Wu Jian

Annotations:
D:3 1 runed translucent door, exclusion: door, Crazy Yiuf
D:4 exclusion: downstairs
D:5 exclusion: downstairs, Duvessa


Message History

Your scorpion stings Dowan.
You hit Duvessa but do no damage. Dowan closely misses your scorpion.
Your quokka closely misses Duvessa.
You hit Duvessa but do no damage. Duvessa closely misses you.
Your scorpion stings Dowan.
You hit Duvessa but do no damage. You punch Duvessa, but do no damage.
Your quokka bites Duvessa but does no damage.
Dowan hits your scorpion with a +0 dagger.
Your scorpion dies!
You hit Duvessa but do no damage.
Duvessa hits you with a +1 vampiric rapier!
You hit Duvessa but do no damage.
You aren't carrying any items that you can evoke.
Unknown command.
Duvessa attacks as you move away! Duvessa barely misses you.
Your quokka bites Duvessa.
Dowan gestures at you while chanting.
You easily resist.
Duvessa attacks as you move away! Duvessa closely misses you.
Dowan casts a spell at you. The puff of frost hits your quokka!
Your quokka dies!
Dowan dies!
Duvessa weeps, and shakes her weapon.
Duvessa goes berserk!
You aren't carrying any items that you can evoke.
Unknown command.
You aren't carrying any items that you can evoke.
Okay, then.
As you read the scroll of teleportation, it crumbles to dust.
You feel strangely unstable. Duvessa closely misses you.
Duvessa attacks as you move away!
Duvessa hits you with a +1 vampiric rapier!
* * * LOW HITPOINT WARNING * * *
Duvessa draws strength from your wounds!
Duvessa hits you with a +1 vampiric rapier.
* * * LOW HITPOINT WARNING * * *
Duvessa attacks as you move away!
Duvessa hits you with a +1 vampiric rapier!
You die...

####.#..#.## ##.....#...####.#
####.###....###........#|..#..##
.#....##................##......#
....#......##.......#.....#.##..#
...##..###.##......###.....####..
.......# #.........# ##....# ##.
.###...##..........# ##..## #. .
##.............>.# ##.## ##.
.##......##.....@..# #..####..
.............##..e.# ####........
#.....##.†...#####.###...#####..#
#.###..#.##### ##....### ####
...###...# ##...# #..[##...#
#.†.# #........###
.....'.†.'..... ##.##......#
.....#..)#..... ##.##......##
....##...##.... ##


You could see Duvessa (berserk).

Vanquished Creatures
  Grinder (D:3)
  Prince Ribbit (D:5)
  Eustachio (D:4)
  Edmund (D:5)
  An ice beast (D:3)
  An orc warrior (D:5)
  An ogre (D:6)
  3 phantoms
  2 kobold brigands
  3 scorpions
  A hound (D:5)
  A jelly (D:6)
  2 orc priests (D:4)
  5 iguanas
  An orc wizard (D:4)
  4 gnolls
  5 adders
  3 river rats (Sewer)
  A shadow imp (D:5)
  An ufetubus (D:5)
  4 worms
  5 dart slugs
  10 orcs
  5 endoplasms
  7 goblins
  9 hobgoblins
  5 jackals
  2 quokkas
  13 ball pythons
  12 bats
  5 frilled lizards
  42 kobolds
  28 rats
186 creatures vanquished.

Vanquished Creatures (collateral kills)
  A scorpion (D:5)
  Dowan (D:5)
  An orc priest (D:4)
  2 gnolls (D:4)
  A river rat (Sewer)
  3 orcs (D:4)
  2 ball pythons (Sewer)
  An endoplasm (D:4)
  A hobgoblin (D:4)
  A kobold (Sewer)
  A goblin (D:4)
  3 rats
18 creatures vanquished.

Vanquished Creatures (others)
  A scorpion (D:5)
  A gnoll bouda (D:4)
  An iguana (D:4)
  A gnoll (D:4)
  A river rat (Sewer)
  An ufetubus (D:4)
  An endoplasm (D:1)
  A quokka (D:5)
  A rat (D:4)
9 creatures vanquished.

Grand Total: 213 creatures vanquished

Notes
Turn   | Place    | Note
-------+----------+-------------------------------------------
     0 | D:1      | H0rd4k the Human Artificer began the quest for the Orb.
     0 | D:1      | Reached XP level 1. HP: 15/15 MP: 1/1
   101 | D:1      | Reached XP level 2. HP: 6/21 MP: 2/2
   398 | D:1      | Reached XP level 3. HP: 23/26 MP: 3/3
   411 | D:1      | Reached skill level 1 in Maces & Flails
  1173 | D:2      | Identified the +0 pair of boots of Blue Lucidity {rF+ SInv
                  | Stlth-}
  1202 | D:2      | Reached XP level 4. HP: 32/32 MP: 4/4
  1445 | D:2      | Reached skill level 1 in Short Blades
  1957 | D:3      | Found a faded altar of an unknown god.
  2062 | D:3      | Found a runed translucent door.
  2067 | D:3      | Noticed Crazy Yiuf
  2173 | D:3      | Reached XP level 5. HP: 17/37 MP: 5/5
  2267 | D:3      | Found a stormy altar of Qazlal.
  2333 | D:3      | Found a faded altar of an unknown god.
  2338 | D:3      | Found an ornate altar of the Wu Jian Council.
  2459 | D:3      | Found a blossoming altar of Fedhas.
  2834 | D:3      | Noticed Grinder
  2852 | D:3      | Killed Grinder
  2853 | D:3      | Reached skill level 3 in Short Blades
  2853 | D:3      | Reached XP level 6. HP: 29/44 MP: 6/6
  3001 | D:3      | Noticed an ice beast
  3011 | D:3      | Killed an ice beast
  3012 | D:3      | Reached XP level 7. HP: 51/51 MP: 7/7
  3054 | D:4      | Found a hide-covered altar of Uskayaw.
  3103 | D:4      | Reached skill level 4 in Short Blades
  3147 | D:4      | Found a glowing drain.
  3156 | Sewer    | Entered a sewer
  3367 | Sewer    | HP: 2/51 [river rat (3)]
  3881 | D:4      | Found a snail-covered altar of Cheibriados.
  3902 | D:4      | Reached XP level 8. HP: 53/58 MP: 8/8
  4025 | D:4      | Reached skill level 5 in Short Blades
  4332 | D:4      | Noticed Eustachio
  4357 | D:4      | Killed Eustachio
  5193 | D:5      | Entered Level 5 of the Dungeon
  5238 | D:5      | Noticed Dowan
  5239 | D:5      | Noticed Duvessa
  5308 | D:5      | Reached skill level 6 in Short Blades
  5449 | D:5      | Reached XP level 9. HP: 55/66 MP: 9/9
  5607 | D:5      | Reached skill level 5 in Dodging
  5787 | D:5      | Noticed Edmund
  5815 | D:5      | Killed Edmund
  5816 | D:5      | Reached skill level 5 in Fighting
  5966 | D:5      | Found a sparkling altar of Nemelex Xobeh.
  5980 | D:5      | Noticed Prince Ribbit
  6059 | D:5      | Killed Prince Ribbit
  6060 | D:5      | Reached skill level 7 in Short Blades
  6817 | D:5      | Reached skill level 1 in Throwing
  6830 | D:5      | Killed Dowan
  6834 | D:5      | Slain by Duvessa

Illustrated notes

Levels and vault maps discovered:
D:1:      dpeg_arrival_morbid_curiosity, layout_basic
D:2:      layout_basic
D:3:      layout_basic, nicolae_overflow_ecumenical_swirl, fedhas_altar_2,
          grunt_qazlal_clouds, ebering_ecumenical_altar_abandoned,
          uniq_crazy_yiuf_cottage, uniq_grinder
D:4:      kennysheep_kobold_camp, layout_basic, mainiacjoe_overflow_paths,
          cheibrodos_worm_habitat, nicolae_ossuary_entry_ruins, serial_glass,
          glass_columns_a, glass_columns_a, portal_sewer_entry_a,
          kennysheep_path_1, uniq_eustachio
D:5:      kennysheep_six_static_rooms, layout_layer_cave,
          mainiacjoe_overflow_surrounded_room, chequers_serial_rivers_small_3,
          chequers_serial_rivers_micro_c, chequers_serial_rivers_micro_d,
          uniq_prince_ribbit1, uniq_edmund, uniq_duvessa
D:6:      layout_gridville, grunt_gozag_statues, minmay_temple_entry_waves,
          ebering_ghost_sewer_f, serial_bayou_pond_b, uniq_sigmund, uniq_pikel

Skill      XL: |  1  2  3  4  5  6  7  8  9 |
---------------+----------------------------+-----
Maces & Flails | 1 |  1.6
Short Blades   | 1 3 4 6 7 |  7.4
Fighting       | 2 3 4 5 |  5.6
Dodging        | 2 3 4 5 |  5.8
Stealth        | 2 |  2.5
Evocations     | 4 |  4.6
Throwing       | 1 |  1.2
Armour         | |  2.0

Action                     |  1- 3 |  4- 6 |  7- 9 || total
---------------------------+-------+-------+-------++-------
  Melee: Club              |    36 |       |       ||    36
         Dagger            |    86 |   177 |   670 ||   933
         Punch             |     2 |     2 |    10 ||    14
  Throw: Dart              |       |       |    18 ||    18
  Evoke: Wand              |     4 |    11 |    30 ||    45
    Use: Scroll            |       |       |     5 ||     5
         Potion            |       |       |    11 ||    11
   Stab: Sleeping          |     1 |       |       ||     1
 Armour: Leather armour    |    48 |    45 |   219 ||   312
  Dodge: Dodged            |    76 |    67 |   420 ||   563
